 Dungeon Sprint DCSS version 0.28-a0-1404-g4df0f3684d (webtiles) character file.

Game seed: 17094539709546120438

7400000 HallandMoats the Conqueror (level 24, -7/249 HPs)
             Began as a Minotaur Monk on Jan 5, 2022.
             Was the Champion of Makhleb.
             Mangled by a bag of meat (34 damage)
             ... in the Dungeon (Sprint VIII: "Arena of Blood").
             The game lasted 00:02:42 (74 turns).

HallandMoats the Conqueror (Minotaur Monk)            Turns: 74, Time: 00:02:43

Health: -7/249     AC:  4    Str: 22    XL:     24   Next: 98%
Magic:  22/40      EV: 31    Int:  7    God:    Makhleb [******]
Gold:   0          SH:  0    Dex: 19    Spells: 52/52 levels left

rFire   . . .      SeeInvis +   i - +∞ Axe of Woe
rCold   . . .      Faith    .   (shield currently unavailable)
rNeg    . . .      Spirit   .   b - +0 robe
rPois   .          Reflect  .   (helmet restricted)
rElec   .          Harm     .   (no cloak)
rCorr   .          Rampage  .   (no gloves)
Will    +....      NoTele   +   (no boots)
Stlth   ++++++++++              (no amulet)
HPRegen 0.51/turn               j - ring of see invisible
MPRegen 0.27/turn               (no ring)

@: no status effects
A: horns 2, retaliatory headbutt
a: Renounce Religion, Minor Destruction, Lesser Servant of Makhleb, Major
Destruction, Greater Servant of Makhleb


You were in the Dungeon.
You worshipped Makhleb.
Makhleb was exalted by your worship.
You visited 1 branch

Inventory:

Hand Weapons
 a - a +0 hand axe
 i - the +∞ Axe of Woe (weapon)
   (You found it in the Dungeon)
Armour
 b - a +0 robe (worn)
Jewellery
 j - a ring of see invisible (left hand)
Scrolls
 h - a scroll of blinking
Potions
 c - a potion of curing
 d - a potion of heal wounds
 e - a potion of haste
 f - 2 potions of magic
 g - a potion of berserk rage


   Skills:
 O Level 27 Fighting
 + Level 21.6(25.0) Short Blades
 + Level 23.3(26.9) Long Blades
 O Level 27 Axes
 + Level 23.3(27) Maces & Flails
 + Level 23.3(27) Polearms
 + Level 23.3(27) Staves
 + Level 21.6(25.0) Slings
 + Level 21.6 Bows
 + Level 21.6 Crossbows
 + Level 20.0(23.2) Throwing
 + Level 23.3 Armour
 O Level 27 Dodging
 O Level 27 Stealth
 + Level 23.3 Shields
 + Level 21.6 Unarmed Combat
 + Level 14.5 Spellcasting
 + Level 15.7 Conjurations
 + Level 14.5 Hexes
 + Level 15.7 Summonings
 + Level 15.7 Necromancy
 + Level 15.7 Translocations
 + Level 17.1 Transmutations
 + Level 15.7 Fire Magic
 + Level 15.8 Ice Magic
 + Level 15.7 Air Magic
 + Level 17.1 Earth Magic
 + Level 15.7 Poison Magic
 O Level 27 Invocations
 + Level 18.5 Evocations


You had 52 spell levels left.
You didn't know any spells.
Your spell library was empty.

Dungeon Overview and Level Annotations

Branches:
Dungeon (1/1)

Altars:
Makhleb


Innate Abilities, Weirdness & Mutations

You have a pair of horns on your head.
You reflexively headbutt those who attack you in melee.


Message History

A dread comes into view.
The accursed casts a spell at you. Something smites you!
You hear a shout! x3
Your base Long Blades skill increases to level 23!
Your base Maces & Flails skill increases to level 23!
Your base Polearms skill increases to level 23!
Your base Staves skill increases to level 23!
Your Bows skill increases to level 21!
Your Crossbows skill increases to level 21!
Your base Throwing skill increases to level 20!
Your Armour skill increases to level 23!
Your Shields skill increases to level 23!
Your Unarmed Combat skill increases to level 21!
Your Transmutations skill increases to level 17!
Your Earth Magic skill increases to level 17!
Your Evocations skill increases to level 18!
A royal mummy, a vampire knight and a phantom come into view.
The destroyer is wielding a +9 vorpal great sword.
You hear a shout! x5
A bag of meat comes into view. It is wielding a +9 war axe.
You hear a shout!
The accursed casts a spell at you. Something smites you!
The destroyer casts a spell at you.
The destroyer blinks!
You hear a shout! x3
The dread calls on the powers of darkness!
The bag of meat convulses!
Your body is wracked with pain!
The bag of meat convulses! x2; The meat berserker convulses!
The bag of meat convulses! x3; The meat berserker convulses!
The bag of meat convulses!
The meat berserker hits you with a +9 battleaxe!!!
* * * LOW HITPOINT WARNING * * *
You hear a shout!
The bag of meat hits you with a +9 war axe!
* * * LOW HITPOINT WARNING * * *
You hear a shout!
The bag of meat hits you with a +9 war axe!!
You die...

#################
#........)....).####
........))...)..@oW#
.....##)##)#####Ooo...#
....V..))......Wo.L.MW..
##...)V##.##..§MooL.....
.....).☼.......O........
......)).#.#....z.V#....
O....))..§.....W.####...
....))).........o. ...
#...○))..........


You could see 2 accurseds, 2 tyrants, a destroyer, a sculptor of flesh, 3
dreads, a wretched soul (wandering, invisible), 2 meat berserkers and 7 bags of
meat.

Vanquished Creatures
  A wraith (D)
  11 vampire knights (D)
  17 ogres (D)
  5 two-headed ogres (D)
  A lich (D)
  35 orcs (D)
  5 skeletal warriors (D)
75 creatures vanquished.

Notes
Turn   | Place    | Note
-------+----------+-------------------------------------------
     0 | D        | Found the +∞ Axe of Woe
     0 | D        | HallandMoats the Minotaur Monk began the quest for the Orb.
     0 | D        | Reached XP level 1. HP: 19/19 MP: 0/0
     0 | D        | Noticed a bag of meat
     3 | D        | Noticed a meat berserker
     4 | D        | Became a worshipper of Makhleb the Destroyer
     4 | D        | Reached * piety under Makhleb
     4 | D        | Reached ** piety under Makhleb
     5 | D        | Noticed a bag of meat
     5 | D        | Noticed a meat berserker
     7 | D        | Killed a meat berserker
     8 | D        | Reached skill level 5 in Stealth
     8 | D        | Reached XP level 2. HP: 56/56 MP: 1/1
     8 | D        | Reached XP level 3. HP: 63/63 MP: 2/2
     8 | D        | Reached XP level 4. HP: 71/71 MP: 3/3
     8 | D        | Reached XP level 5. HP: 79/79 MP: 4/4
     8 | D        | Reached XP level 6. HP: 86/86 MP: 5/5
     8 | D        | Reached XP level 7. HP: 94/94 MP: 6/6
     8 | D        | Reached XP level 8. HP: 102/102 MP: 7/7
     8 | D        | Reached XP level 9. HP: 108/108 MP: 8/8
     8 | D        | Reached XP level 10. HP: 117/117 MP: 9/9
     8 | D        | Reached XP level 11. HP: 124/124 MP: 10/10
     8 | D        | Killed a bag of meat
     8 | D        | Killed a bag of meat
     8 | D        | Noticed a bag of meat
     9 | D        | Reached XP level 12. HP: 66/137 MP: 10/17
     9 | D        | Reached XP level 13. HP: 70/145 MP: 10/18
     9 | D        | Killed a meat berserker
     9 | D        | Reached *** piety under Makhleb
    10 | D        | Noticed a bag of meat
    10 | D        | Noticed a bag of meat
    11 | D        | Noticed a bag of meat
    11 | D        | Noticed a bag of meat
    11 | D        | Noticed a bag of meat
    11 | D        | Noticed a meat berserker
    11 | D        | Noticed a bag of meat
    11 | D        | Noticed a meat berserker
    12 | D        | Noticed a large bag of meat
    12 | D        | Noticed a bag of meat
    12 | D        | Noticed a bag of meat
    12 | D        | Noticed a bag of meat
    12 | D        | Noticed a meat berserker
    12 | D        | Noticed a bag of meat
    12 | D        | Noticed a bag of meat
    13 | D        | Noticed a bag of meat
    13 | D        | Noticed a bag of meat
    13 | D        | Noticed a bag of meat
    14 | D        | Noticed a large bag of meat
    14 | D        | Noticed a bag of meat
    14 | D        | Noticed a bag of meat
    14 | D        | Noticed a bag of meat
    14 | D        | Noticed a bag of meat
    15 | D        | Noticed a meat berserker
    16 | D        | Killed a bag of meat
    16 | D        | Killed a bag of meat
    16 | D        | Noticed a bag of meat
    17 | D        | Reached XP level 14. HP: 126/160 MP: 11/22
    17 | D        | Killed a bag of meat
    17 | D        | Reached **** piety under Makhleb
    17 | D        | Noticed a bag of meat
    17 | D        | Noticed a meat berserker
    18 | D        | Killed a bag of meat
    18 | D        | Killed a meat berserker
    18 | D        | Noticed a meat berserker
    18 | D        | Noticed a bag of meat
    18 | D        | Noticed a destroyer
    19 | D        | Reached XP level 15. HP: 173/173 MP: 11/26
    19 | D        | Killed a meat berserker
    19 | D        | Reached ***** piety under Makhleb
    20 | D        | Reached skill level 27 in Fighting
    20 | D        | Reached skill level 27 in Axes
    20 | D        | Killed a meat berserker
    20 | D        | Killed a large bag of meat
    20 | D        | Killed a large bag of meat
    21 | D        | Reached skill level 27 in Dodging
    21 | D        | Reached XP level 16. HP: 131/183 MP: 11/31
    21 | D        | Killed a destroyer
    22 | D        | Reached skill level 27 in Stealth
    22 | D        | Reached skill level 27 in Invocations
    22 | D        | Reached skill level 1 in Short Blades
    22 | D        | Reached skill level 1 in Long Blades
    22 | D        | Reached skill level 1 in Maces & Flails
    22 | D        | Reached skill level 1 in Polearms
    22 | D        | Reached skill level 1 in Staves
    22 | D        | Reached skill level 1 in Slings
    22 | D        | Reached skill level 1 in Bows
    22 | D        | Reached skill level 1 in Crossbows
    22 | D        | Reached skill level 1 in Throwing
    22 | D        | Reached skill level 1 in Armour
    22 | D        | Reached skill level 1 in Shields
    22 | D        | Reached skill level 1 in Unarmed Combat
    22 | D        | Reached skill level 1 in Conjurations
    22 | D        | Reached skill level 1 in Summonings
    22 | D        | Reached skill level 1 in Necromancy
    22 | D        | Reached skill level 1 in Translocations
    22 | D        | Reached skill level 1 in Transmutations
    22 | D        | Reached skill level 1 in Fire Magic
    22 | D        | Reached skill level 1 in Ice Magic
    22 | D        | Reached skill level 1 in Air Magic
    22 | D        | Reached skill level 1 in Earth Magic
    22 | D        | Reached skill level 1 in Poison Magic
    22 | D        | Reached skill level 1 in Evocations
    22 | D        | Reached XP level 17. HP: 185/191 MP: 11/33
    22 | D        | Noticed a destroyer
    22 | D        | Reached ****** piety under Makhleb
    22 | D        | Noticed a large bag of meat
    24 | D        | Reached skill level 5 in Short Blades
    24 | D        | Reached skill level 5 in Slings
    24 | D        | Reached skill level 5 in Bows
    24 | D        | Reached skill level 5 in Crossbows
    24 | D        | Reached skill level 5 in Throwing
    24 | D        | Reached XP level 18. HP: 182/200 MP: 12/34
    24 | D        | Killed a meat berserker
    24 | D        | Killed a meat berserker
    24 | D        | Noticed a large bag of meat
    25 | D        | Reached skill level 5 in Spellcasting
    25 | D        | Reached skill level 5 in Conjurations
    25 | D        | Reached skill level 5 in Hexes
    25 | D        | Reached skill level 5 in Summonings
    25 | D        | Reached skill level 5 in Necromancy
    25 | D        | Reached skill level 5 in Translocations
    25 | D        | Reached skill level 5 in Fire Magic
    25 | D        | Reached skill level 5 in Ice Magic
    25 | D        | Reached skill level 5 in Air Magic
    25 | D        | Reached skill level 5 in Poison Magic
    25 | D        | Noticed a destroyer
    27 | D        | Reached XP level 19. HP: 207/207 MP: 12/35
    27 | D        | Killed a meat berserker
    28 | D        | Reached skill level 10 in Long Blades
    28 | D        | Reached skill level 10 in Maces & Flails
    28 | D        | Reached skill level 10 in Polearms
    28 | D        | Reached skill level 10 in Staves
    28 | D        | Reached skill level 10 in Armour
    28 | D        | Reached skill level 10 in Shields
    28 | D        | Killed a destroyer
    29 | D        | Reached skill level 10 in Short Blades
    29 | D        | Reached skill level 10 in Slings
    29 | D        | Reached skill level 10 in Bows
    29 | D        | Reached skill level 10 in Crossbows
    29 | D        | Reached skill level 10 in Unarmed Combat
    30 | D        | Reached skill level 10 in Throwing
    30 | D        | Reached XP level 20. HP: 216/216 MP: 13/36
    30 | D        | Killed a large bag of meat
    30 | D        | Noticed a destroyer
    31 | D        | Reached skill level 10 in Evocations
    31 | D        | Noticed a meat berserker
    31 | D        | Noticed a meat berserker
    32 | D        | Reached skill level 10 in Transmutations
    32 | D        | Reached skill level 10 in Earth Magic
    33 | D        | Killed a destroyer
    33 | D        | Killed a destroyer
    34 | D        | Reached skill level 15 in Long Blades
    34 | D        | Reached skill level 15 in Maces & Flails
    34 | D        | Reached skill level 15 in Polearms
    34 | D        | Reached skill level 15 in Staves
    34 | D        | Reached skill level 15 in Armour
    34 | D        | Reached skill level 15 in Shields
    34 | D        | Reached skill level 10 in Conjurations
    34 | D        | Reached skill level 10 in Summonings
    34 | D        | Reached skill level 10 in Necromancy
    34 | D        | Reached skill level 10 in Translocations
    34 | D        | Reached skill level 10 in Fire Magic
    34 | D        | Reached skill level 10 in Ice Magic
    34 | D        | Reached skill level 10 in Air Magic
    34 | D        | Reached skill level 10 in Poison Magic
    34 | D        | Reached XP level 21. HP: 195/224 MP: 14/37
    35 | D        | Noticed a large bag of meat
    36 | D        | Noticed a destroyer
    38 | D        | Noticed a destroyer
    38 | D        | Noticed a destroyer
    39 | D        | Reached skill level 15 in Short Blades
    39 | D        | Reached skill level 15 in Slings
    39 | D        | Reached skill level 15 in Bows
    39 | D        | Reached skill level 15 in Crossbows
    39 | D        | Reached skill level 15 in Unarmed Combat
    39 | D        | Reached skill level 10 in Spellcasting
    39 | D        | Reached skill level 10 in Hexes
    39 | D        | Noticed a destroyer
    39 | D        | Killed a destroyer
    41 | D        | Noticed a destroyer
    41 | D        | Killed a destroyer
    41 | D        | Killed a large bag of meat
    42 | D        | Reached skill level 15 in Throwing
    42 | D        | Reached XP level 22. HP: 188/233 MP: 15/38
    42 | D        | Killed a destroyer
    42 | D        | Noticed a destroyer
    43 | D        | Killed a large bag of meat
    46 | D        | Noticed a tyrant
    47 | D        | Killed a destroyer
    48 | D        | Reached skill level 15 in Evocations
    49 | D        | Killed a tyrant
    50 | D        | Reached XP level 23. HP: 240/240 MP: 17/39
    56 | D        | Killed a destroyer
    57 | D        | Reached skill level 15 in Transmutations
    57 | D        | Reached skill level 15 in Earth Magic
    62 | D        | Reached XP level 24. HP: 249/249 MP: 19/39
    62 | D        | Killed a destroyer
    68 | D        | Noticed a destroyer
    69 | D        | Noticed a dread
    69 | D        | Noticed an accursed
    69 | D        | Noticed a dread
    69 | D        | Noticed a tyrant
    69 | D        | Noticed a tyrant
    71 | D        | Reached skill level 15 in Conjurations
    71 | D        | Reached skill level 15 in Summonings
    71 | D        | Reached skill level 15 in Necromancy
    71 | D        | Reached skill level 15 in Translocations
    71 | D        | Reached skill level 15 in Fire Magic
    71 | D        | Reached skill level 15 in Ice Magic
    71 | D        | Reached skill level 15 in Air Magic
    71 | D        | Reached skill level 15 in Poison Magic
    71 | D        | Killed a destroyer
    72 | D        | Noticed a dread
    73 | D        | Killed a dread
    73 | D        | Noticed a dread
    74 | D        | Noticed a destroyer
    74 | D        | Noticed an accursed
    74 | D        | Mangled by a bag of meat

Illustrated notes

Levels and vault maps discovered:
D:        meatsprint

Skill      XL: |  1  2  3  4  5  6  7  8  9 10 11 12 13 14 15 16 17 18 19 20 21 22 23 24 |
---------------+-------------------------------------------------------------------------+-----
Fighting       | 20 22 24 26 27 | 27.0
Axes           | 20 22 24 26 27 | 27.0
Dodging        | 18 20 22 24 27 | 27.0
Stealth        | 5 9 13 16 23 27 | 27.0
Invocations    | 8 13 16 24 27 | 27.0
Short Blades   | 1 5 9 11 14 16 18 20 21 | 21.6
Long Blades    | 1 6 9 12 15 17 19 21 23 | 23.3
Maces & Flails | 1 6 9 12 15 17 19 21 23 | 23.3
Polearms       | 1 6 9 12 15 17 19 21 23 | 23.3
Staves         | 1 6 9 12 15 17 19 21 23 | 23.3
Slings         | 1 5 9 11 14 16 18 20 21 | 21.6
Bows           | 1 5 9 11 14 16 18 20 21 | 21.6
Crossbows      | 1 5 9 11 14 16 18 20 21 | 21.6
Throwing       | 1 5 8 10 13 15 16 18 20 | 20.0
Armour         | 1 6 9 12 15 17 19 21 23 | 23.3
Shields        | 1 6 9 12 15 17 19 21 23 | 23.3
Unarmed Combat | 1 6 9 11 14 16 18 20 21 | 21.6
Conjurations   | 1 4 6 8 10 11 13 14 15 | 15.7
Summonings     | 1 4 6 8 10 11 13 14 15 | 15.7
Necromancy     | 1 4 6 8 10 11 13 14 15 | 15.7
Translocations | 1 4 6 8 10 11 13 14 15 | 15.7
Transmutations | 1 4 6 9 11 12 14 15 17 | 17.1
Fire Magic     | 1 4 6 8 10 11 13 14 15 | 15.7
Ice Magic      | 1 4 6 8 10 11 13 14 15 | 15.8
Air Magic      | 1 4 6 8 10 11 13 14 15 | 15.7
Earth Magic    | 1 4 6 9 11 13 14 15 17 | 17.1
Poison Magic   | 1 4 6 8 10 11 13 14 15 | 15.7
Evocations     | 1 4 7 9 12 14 15 17 18 | 18.5
Spellcasting   | 3 5 7 9 11 12 13 14 | 14.5
Hexes          | 3 5 7 9 11 12 13 14 | 14.5

Action                   |  1- 3 |  4- 6 |  7- 9 | 10-12 | 13-15 | 16-18 | 19-21 | 22-24 || total
-------------------------+-------+-------+-------+-------+-------+-------+-------+-------++-------
Melee: Executioner's axe |     1 |       |       |     1 |     6 |     5 |    12 |    17 ||    42
Dodge: Dodged            |     1 |       |       |       |       |     1 |     1 |     1 ||     4

Table legend: (Time is in decaauts)
 A = Elapsed time spent in this place.
 B = Non-inter-level travel time spent in this place.
 C = Inter-level travel time spent in this place.
 D = Time resting spent in this place.
 E = Time spent auto-exploring this place.
 F = Levels seen in this place.
 G = Mean time per level.
                   A        B        C        D        E       F      G
               +--------+--------+--------+--------+--------+-----+--------+
         Total |     61 |     61 |      0 |      0 |      0 |   1 |   61.0 |
       Dungeon |     61 |     61 |      0 |      0 |      0 |   1 |   61.0 |
               +--------+--------+--------+--------+--------+-----+--------+

Top non-repeatable levels by time:
       D: 61 daAuts
